 Dungeon Crawl Stone Soup version 0.27.1-33-g824d729ab1 (webtiles) character file.

Game seed: 12243256871990080795

14 Cykl0x the Ruffian (level 2, 0/17 HPs)
             Began as a Gargoyle Transmuter on Dec 11, 2021.
             Frozen to death by an endoplasm (2 damage)
             ... on level 1 of the Dungeon.
             The game lasted 00:01:09 (727 turns).

Cykl0x the Ruffian (Gargoyle Transmuter)             Turns: 727, Time: 00:01:09

Health: 0/17       AC:  4    Str: 13    XL:     2   Next: 41%
Magic:  3/5        EV: 12    Int: 13    God:
Gold:   22         SH:  0    Dex: 10    Spells: 2/5 levels left

rFire    . . .     SeeInvis .   e - +0 dagger
rCold    . . .     Faith    .   (no shield)
rNeg     + . .     Spirit   .   a - +0 robe
rPois    ∞         Reflect  .   (no helmet)
rElec    +         Harm     .   (no cloak)
rCorr    .         Rampage  .   (no gloves)
Will     .....                  (no boots)
Stlth    +.........             (no amulet)
HPRegen  0.05/turn              (no ring)
MPRegen  0.09/turn              (no ring)

@: wereblooded (expiring)
A: sickness immunity, AC +2, negative energy resistance 1, electricity
resistance, torment resistance 1, petrification resistance
a: no special abilities


You were on level 1 of the Dungeon.
You visited 1 branch of the dungeon, and saw 1 of its levels.

You collected 22 gold pieces.

Inventory:

Hand Weapons
 e - a +0 dagger (weapon)
Missiles
 d - 4 stones
Armour
 a - a +0 robe (worn)
Scrolls
 c - a scroll of silence {unknown}
Potions
 b - a potion of lignification {unknown}


   Skills:
 * Level 1.7 Fighting
 * Level 0.6 Armour
 + Level 1.6 Dodging
 - Level 3.0 Unarmed Combat
 + Level 2.2 Spellcasting
 + Level 1.6 Transmutations


You had 2 spell levels left.
You knew the following spells:

 Your Spells              Type           Power      Damage    Failure   Level
a - Beastly Appendage     Tmut           10%        N/A       12%         1
b - Wereblood             Tmut           5%         N/A       19%         2

Your spell library contained the following spells:

 Spells                   Type           Power      Damage    Failure   Level
 Spider Form              Tmut/Pois      1%         N/A       47%         3
 Ice Form                 Ice/Tmut       3%         N/A       87%         4


Dungeon Overview and Level Annotations

Branches:
Dungeon (1/15)

Altars:


Innate Abilities, Weirdness & Mutations

You are immune to sickness and miasma.
Your stone body is resilient. (AC +2)
You are immune to poison.
You resist negative energy. (rN+)
You are resistant to electric shocks. (rElec)
You are resistant to unholy torment.
You are immune to petrification.


Message History

You are too injured to fight recklessly!
Casting: Beastly Appendage (safe; 13% risk of failure)
Confirm with . or Enter, or press ? or * to list all spells.
Your blood is infused with primal strength.
The goblin shouts!
Casting: Wereblood (safe; 19% risk of failure)
Confirm with . or Enter, or press ? or * to list all spells.
You grow a pair of large bovine horns.
Your feet morph into talons.
Found 13 stones.
Found a stone staircase leading down.
The goblin barely misses you.
You hit the goblin but do no damage. The goblin hits you with a +0 club.
* * * LOW HITPOINT WARNING * * *
You hit the goblin.
You feel a bit better.
You kill the goblin!
Your transformation is almost over.
Things that are here:
a +0 club; a goblin corpse You howl as the wereblood boils in your veins!
Things that are here:
a +0 club; a goblin corpse You howl as the wereblood boils in your veins!
You howl as the wereblood boils in your veins!
Your horns disappear.
Your talons disappear.
An endoplasm comes into view.
Your primal bloodlust is almost over.
You see here 13 stones.
An endoplasm is nearby!
The endoplasm quivers.
Found 17 arrows.
The endoplasm freezes you.
You are frozen.
* * * LOW HITPOINT WARNING * * *
You hit the endoplasm.
The endoplasm is severely wounded.
The endoplasm hits you but does no damage.
You completely miss the endoplasm.
The endoplasm is severely wounded.
The endoplasm freezes you.
You are frozen.
You die...

.###...###.##.##......####.
...###..#.>##)####.......[.
.. #...###.# #.#.#.#...
#.##.......# ..#...#.).
...#......#####..####..#.##
#.....(........# #..#...
##...........## #....##
#..###...###.# #..#.## ...#
#..#.@# .. ##.#..# .#
.....#..J......####.##†#
(###.###..............#.#
#. ##########.......# #.
#.......† #. ##..##...
......... ########. #.


You could see an endoplasm.

Vanquished Creatures
  3 endoplasms (D:1)
  A giant cockroach (D:1)
  2 hobgoblins (D:1)
  A kobold (D:1)
  A ball python (D:1)
  A frilled lizard (D:1)
  3 goblins (D:1)
12 creatures vanquished.

Notes
Turn   | Place    | Note
-------+----------+-------------------------------------------
     0 | D:1      | Cykl0x the Gargoyle Transmuter began the quest for the Orb.
     0 | D:1      | Reached XP level 1. HP: 12/12 MP: 3/3
   511 | D:1      | Reached XP level 2. HP: 15/16 MP: 3/5
   514 | D:1      | Learned a level 2 spell: Wereblood
   727 | D:1      | Frozen to death by an endoplasm

Illustrated notes

Levels and vault maps discovered:
D:1:      amcnicky_arrival_flooded_fountain, layout_rooms,
          chequers_hall_statues_wall_a, minmay_tetromino_i4

Action                   || total
-------------------------++-------
Melee: Unarmed           ||    15
       Kick              ||     8
       Dagger            ||    22
       Headbutt          ||     3
 Cast: Beastly Appendage ||     9
       Wereblood         ||     1
  Use: Scroll            ||     1
Armor: Robe              ||     4
Dodge: Dodged            ||    16
